 Dungeon Crawl Stone Soup version 0.28-a0-1080-g05a166d0ed (webtiles) character file.

Game seed: 5251349823013788547

1232 yoda5477 the Cleaver (level 8, -4/58 HPs)
             Began as a Demonspawn Fighter on Dec 9, 2021.
             Killed from afar by Maggie (20 damage)
             ... with a bolt of acid
             ... on level 6 of the Dungeon.
             The game lasted 00:21:33 (6349 turns).

yoda5477 the Cleaver (Demonspawn Fighter)           Turns: 6349, Time: 00:21:33

Health: -4/58      AC: 14    Str: 19    XL:     8   Next: 24%
Magic:  8/8        EV: 12    Int:  9    God:
Gold:   204        SH:  5    Dex: 13    Spells: 7/7 levels left

rFire   + . .      SeeInvis .   a - +0 war axe
rCold   + . .      Faith    .   c - +0 buckler
rNeg    . . .      Spirit   .   j - +0 chain mail
rPois   .          Reflect  .   (no helmet)
rElec   .          Harm     .   q - +1 cloak
rCorr   .          Rampage  .   t - +0 pair of gloves
Will    .....                   (no boots)
Stlth   ..........              x - amulet of the acrobat
HPRegen 0.19/turn               n - ring of protection from fire
MPRegen 0.11/turn               r - ring of protection from cold

@: agile, mesmerised
A: slimy green scales 1, powered by pain 3, demonic touch 2
a: no special abilities


You were on level 6 of the Dungeon.
You visited 1 branch of the dungeon, and saw 7 of its levels.

You collected 204 gold pieces.

Inventory:

Hand Weapons
 a - a +0 war axe (weapon)
 B - a +3 spear
Missiles
 e - 12 poisoned darts (quivered)
 m - 59 arrows
 o - 123 stones
 s - 73 sling bullets
 A - 3 atropa-tipped darts
Armour
 b - a +0 scale mail
 c - a +0 buckler (worn)
 j - a +0 chain mail (worn)
 q - a +1 cloak (worn)
 t - a +0 pair of gloves (worn)
Jewellery
 n - a ring of protection from fire (left hand)
 r - a ring of protection from cold (right hand)
 x - an amulet of the acrobat (around neck)
 C - a ring of resist corrosion
Wands
 y - a wand of acid (6)
Scrolls
 f - 3 scrolls of vulnerability
 g - a scroll of teleportation
 l - a scroll of identify
 v - a scroll of enchant armour
 z - a scroll of magic mapping {unknown}
Potions
 d - a potion of might
 h - 4 potions of curing
 i - a potion of flight
 k - a potion of lignification {unknown}
 p - a potion of invisibility {unknown}
 u - 3 potions of attraction
 w - a potion of berserk rage {unknown}


   Skills:
 - Level 3.0 Fighting
 * Level 8.5 Axes
 - Level 1.0 Throwing
 - Level 2.6 Armour
 * Level 0.9 Stealth
 - Level 4.0 Shields
 * Level 0.7 Unarmed Combat


You had 7 spell levels left.
You didn't know any spells.
Your spell library contained the following spells:

 Spells                   Type           Power      Damage    Failure   Level
 Magic Dart               Conj           0%         1d3       99%         1
 Sting                    Tmut/Pois      0%         1d3       99%         1
 Call Imp                 Summ           0%         N/A       100%        2
 Poisonous Vapours        Pois/Air       0%         N/A       100%        2
 Mephitic Cloud           Conj/Pois/Air  0%         N/A       100%        3
 Olgreb's Toxic Radiance  Pois           0%         N/A       100%        4


Dungeon Overview and Level Annotations

Branches:
Dungeon (7/15)
 Temple: D:4-7

Altars:

Shops:
D:2 *   D:4 [

Annotations:
D:3 2 transporters, exclusion: downstairs
D:5 3 runed translucent doors, exclusion: 3 doors, Tribosh's ghost, novice OpFi
D:6 2 transporters, Maggie; septik's ghost, novice MiBe


Innate Abilities, Weirdness & Mutations

You are partially covered in slimy green scales. (AC +2)
You are powered by pain.
Your touch may inflict irresistible damage on your foes.


Message History

There are monsters nearby!
The bullfrog closely misses you. The bullfrog completely misses you.
The bullfrog barely misses you. The bullfrog barely misses you.
The killer bee buzzes angrily.
You hear an angry buzzing noise.
The bullfrog barely misses you.
Maggie gestures wildly while chanting.
Maggie attempts to bespell you!
You are mesmerised by Maggie!
The bullfrog barely misses you.
You cannot move away from Maggie!
You cannot move away from Maggie!
You hit the bullfrog.
You kill the bullfrog!
Throw: 15 darts (poison)
Press: ? - help, Q - select action, (/) - cycle Shift-Dir - straight line, f - Maggie
Aim: Maggie, wielding a +1 long sword of flaming, wearing +0 swamp dragon scales and carrying a wand of acid (6) (mesmerising, 61% to hit)
You throw a poisoned dart. The poisoned dart hits Maggie.
Maggie zaps a wand.
The bolt of acid misses you.
Throw: 14 darts (poison)
Press: ? - help, Q - select action, (/) - cycle Shift-Dir - straight line, f/p - Maggie
Aim: Maggie, wielding a +1 long sword of flaming, wearing +0 swamp dragon scales and carrying a wand of acid (5) (mesmerising, 61% to hit)
You throw a poisoned dart.
The poisoned dart closely misses Maggie.
The poisoned dart hits the phantom.
Throw: 13 darts (poison)
Press: ? - help, Q - select action, (/) - cycle Shift-Dir - straight line, f/p - Maggie
Aim: Maggie, wielding a +1 long sword of flaming, wearing +0 swamp dragon scales and carrying a wand of acid (5) (mesmerising, 61% to hit)
You throw a poisoned dart. The poisoned dart hits Maggie.
Your chain mail prevents you from hitting Maggie.
Maggie barely misses you.
You closely miss Maggie.
Maggie zaps a wand.
The bolt of acid hits you!!
* * * LOW HITPOINT WARNING * * *
You focus on the pain.
You feel agile all of a sudden.
You hit Maggie.
Maggie is lightly wounded.
Maggie zaps a wand.
The bolt of acid hits you!!
You die...

.......©.......#.#)..#######.##..
.#############...##.## #.. ###
#yyyW.#####..##.# ...
##y.y#...#.#!###....#### ...
#..#..###..#..##....)... #...#..
#...###.#...... ###..# y###
#....##### . ...#
#.###...######.# ..
W.#.y##@#.......# .#.
..y###@########.# #y?y y#####(W#
##########(.## ...©......(##
....###.#### . #...# #@#.#
..#####W#.#


You could see Maggie (mesmerising) and a phantom.

Vanquished Creatures
  Pikel (D:5)
  An ogre (D:5)
  An ice beast (D:5)
  3 lemures (D:5)
  A kobold brigand (D:6)
  A bullfrog (D:6)
  A scorpion (D:4)
  A water moccasin zombie (D:3)
  A howler monkey (D:5)
  A hound (D:5)
  An orc priest (D:5)
  Jessica (D:3)
  An orc wizard (D:5)
  A killer bee zombie (D:7)
  A howler monkey zombie (D:4)
  3 gnolls (D:5)
  5 adders
  A shadow imp (D:6)
  An adder skeleton (D:4)
  3 worms
  3 dart slugs
  22 orcs
  4 endoplasms (D:2)
  2 giant cockroaches
  2 goblins (D:1)
  7 hobgoblins
  4 jackals (D:2)
  4 quokkas
  9 ball pythons
  2 bats (D:3)
  4 frilled lizards
  10 kobolds
  4 rats
107 creatures vanquished.

Notes
Turn   | Place    | Note
-------+----------+-------------------------------------------
     0 | D:1      | yoda5477 the Demonspawn Fighter began the quest for the
                  | Orb.
     0 | D:1      | Reached XP level 1. HP: 18/18 MP: 1/1
   240 | D:1      | Reached skill level 2 in Axes
   526 | D:1      | Gained mutation: You sometimes gain a little power by
                  | taking damage. [demonic ancestry]
   526 | D:1      | Reached XP level 2. HP: 12/24 MP: 2/2
  1104 | D:2      | Reached XP level 3. HP: 15/29 MP: 3/3
  1274 | D:2      | Found Ryloa's General Store.
  1452 | D:2      | Reached skill level 3 in Axes
  1452 | D:2      | Found a faded altar of an unknown god.
  1842 | D:2      | Gained mutation: You are partially covered in slimy green
                  | scales. (AC +2) [demonic ancestry]
  1842 | D:2      | Reached XP level 4. HP: 19/35 MP: 4/4
  2125 | D:3      | Reached skill level 4 in Axes
  2226 | D:4      | Noticed an ogre
  2599 | D:3      | Found a transporter.
  2614 | D:3      | Found a transporter.
  2625 | D:3      | Noticed Jessica
  2629 | D:3      | Killed Jessica
  2630 | D:3      | Gained mutation: Your touch may inflict minor irresistible
                  | damage on your foes. [demonic ancestry]
  2630 | D:3      | Reached XP level 5. HP: 37/41 MP: 5/5
  3131 | D:4      | Found Metuxaob's Armour Boutique.
  3173 | D:5      | Entered Level 5 of the Dungeon
  3179 | D:6      | Noticed a lemure
  3179 | D:6      | Noticed a lemure
  3180 | D:6      | Noticed a lemure
  3180 | D:6      | Noticed Pikel
  3739 | D:4      | Reached skill level 5 in Axes
  4142 | D:5      | Found a runed translucent gate.
  4142 | D:5      | Found a runed translucent gate.
  4142 | D:5      | Found a runed translucent gate.
  4196 | D:4      | Gained mutation: You sometimes gain power by taking damage.
                  | [demonic ancestry]
  4196 | D:4      | Reached XP level 6. HP: 32/47 MP: 6/6
  4642 | D:5      | Reached skill level 6 in Axes
  5465 | D:5      | Noticed Tribosh's ghost (novice OpFi)
  5523 | D:6      | Noticed septik's ghost (novice MiBe)
  5566 | D:6      | Gained mutation: Your touch may inflict irresistible damage
                  | on your foes. [demonic ancestry]
  5566 | D:6      | Reached XP level 7. HP: 51/52 MP: 7/7
  5834 | D:5      | Killed Pikel
  5835 | D:5      | Reached skill level 8 in Axes
  5835 | D:5      | Reached skill level 1 in Throwing
  5966 | D:5      | Gained mutation: You are powered by pain. [demonic
                  | ancestry]
  5966 | D:5      | Reached XP level 8. HP: 53/58 MP: 8/8
  6319 | D:6      | Found a transporter.
  6324 | D:6      | Found a transporter.
  6329 | D:6      | Noticed Maggie
  6336 | D:6      | Noticed a queen bee
  6349 | D:6      | Killed from afar by Maggie

Illustrated notes

Levels and vault maps discovered:
D:1:      zelgadis_glass_arrival_small, layout_loops_ring
D:2:      layout_basic, shapermc_ecumenical_altar_gd, serial_shops, shop,
          minmay_pentomino_x2
D:3:      gammafunk_wand_slinger, layout_basic, minmay_distorted, uniq_jessica
D:4:      layout_cave_pools, serial_shops, shop, kennysheep_small_spiral,
          amethyst_killhole, hex_tiny
D:5:      layout_gridville, gammafunk_ghost_necromancy
D:6:      layout_loops_ring, mainiacjoe_overflow_two_lobes,
          gammafunk_ghost_hive, uniq_pikel, uniq_maggie
D:7:      layout_basic, nicolae_overflow_hidden_temple, temple_statues,
          serial_shops, kennysheep_mini_moat, uniq_joseph

Skill      XL: |  1  2  3  4  5  6  7 |
---------------+----------------------+-----
Axes           | 2 3 4 5 6 8 |  8.5
Shields        | 3 4 |  4.0
Throwing       | 1 |  1.0
Fighting       | |  3.0
Armour         | |  2.6
Stealth        | |  0.9
Unarmed Combat | |  0.7

Action                   |  1- 3 |  4- 6 |  7- 9 || total
-------------------------+-------+-------+-------++-------
Melee: War axe           |   125 |   210 |   111 ||   446
Throw: Dart              |       |     8 |     6 ||    14
  Use: Scroll            |       |    11 |       ||    11
       Potion            |       |     1 |       ||     1
Armor: Scale mail        |    50 |    55 |       ||   105
       Chain mail        |       |    61 |    51 ||   112
Dodge: Dodged            |    59 |    97 |    54 ||   210
Block: Buckler           |    24 |    38 |    37 ||    99

Table legend: (Time is in decaauts)
 A = Elapsed time spent in this place.
 B = Non-inter-level travel time spent in this place.
 C = Inter-level travel time spent in this place.
 D = Time resting spent in this place.
 E = Time spent auto-exploring this place.
 F = Levels seen in this place.
 G = Mean time per level.
                   A        B        C        D        E       F      G
               +--------+--------+--------+--------+--------+-----+--------+
         Total |   6479 |   6317 |    162 |   2009 |   2382 |   7 |  925.6 |
       Dungeon |   6479 |   6317 |    162 |   2009 |   2382 |   7 |  925.6 |
               +--------+--------+--------+--------+--------+-----+--------+

Top non-repeatable levels by time:
     D:5: 1768 daAuts
     D:4: 1329 daAuts
     D:1: 1130 daAuts
     D:2: 1031 daAuts
     D:3: 764 daAuts
     D:6: 408 daAuts
     D:7: 46 daAuts
